 Dungeon Crawl Stone Soup version 0.28.0-53-g5a82cb258f (webtiles) character file.

Game seed: 10094831995718669985

6053 LustLizard the Cleaver (level 10, -8/136 HPs)
             Began as a Minotaur Berserker on July 9, 2022.
             Was an Elder of Trog.
             Mangled by a white ugly thing (28 damage)
             ... on level 8 of the Dungeon.
             The game lasted 00:19:51 (9821 turns).

LustLizard the Cleaver (Minotaur Berserker)         Turns: 9821, Time: 00:19:52

Health: -8/136     AC: 12    Str: 25    XL:     10   Next: 57%
Magic:  9/9        EV: 10    Int:  6    God:    Trog [****..]
Gold:   334        SH:  0    Dex:  9    Spells: 9/9 levels left

rFire   + . .      SeeInvis .   I - +1 broad axe (flame)
rCold   x . .      Faith    .   (no shield)
rNeg    . . .      Spirit   .   x - +2 scale mail {rPois}
rPois   +          Reflect  .   (helmet restricted)
rElec   .          Harm     .   u - +0 cloak
rCorr   .          Rampage  .   j - +1 pair of gloves
Will    .....                   (no boots)
Stlth   ..........              (no amulet)
HPRegen 0.32/turn               F - ring of fire
MPRegen 0.11/turn               (no ring)

@: berserking, very quick
A: horns 2, retaliatory headbutt
a: Renounce Religion, Berserk, Trog's Hand, Brothers in Arms


You were on level 8 of the Dungeon.
You worshipped Trog.
Trog was greatly pleased with you.
You visited 1 branch of the dungeon, and saw 8 of its levels.
You also visited: Sewer and Ossuary.

You collected 334 gold pieces.

Inventory:

Hand Weapons
 a - a +0 hand axe
 r - a +4 spear of draining
 z - a +0 halberd
 I - a +1 broad axe of flaming (weapon)
 J - the +10 war axe "Xenunlecs" {drain, rElec Str-5 Stlth+}
   (You found it on level 6 of the Dungeon)

   A truly terrible weapon, it drains the life of any living foe it strikes.
   Str:       It affects your strength (-5).
   rElec:     It insulates you from electricity.
   Stlth:     It makes you more stealthy.
Missiles
 c - 16 poisoned darts
 d - 3 curare-tipped darts
 e - 278 stones (quivered)
 s - 2 throwing nets
 w - 5 boomerangs
 y - 5 javelins
Armour
 b - a +0 animal skin
 i - a +0 ring mail
 j - a +1 pair of gloves (worn)
 u - a +0 cloak (worn)
 v - a +0 scale mail
 x - a +2 scale mail of poison resistance (worn)
Jewellery
 F - a ring of fire (left hand)
Scrolls
 g - 2 scrolls of fog
 k - 7 scrolls of teleportation
 l - 2 scrolls of magic mapping
 m - 2 scrolls of blinking
 o - 3 scrolls of vulnerability
 K - a scroll of fear
Potions
 f - a potion of resistance {unknown}
 h - 2 potions of haste
 p - 3 potions of degeneration
 q - 2 potions of heal wounds {unknown}
 t - 2 potions of mutation {unknown}
 A - 4 potions of curing
 B - a potion of attraction {unknown}
 C - a potion of invisibility {unknown}
 D - 3 potions of cancellation
 E - a potion of brilliance {unknown}
 G - a potion of lignification {unknown}
 L - a potion of ambrosia {unknown}


   Skills:
 + Level 9.1 Fighting
 * Level 12.3 Axes
 * Level 9.8 Throwing
 * Level 5.2 Armour
 - Level 2.1 Dodging


You had 9 spell levels left.
You didn't know any spells.
Your spell library was empty.

Dungeon Overview and Level Annotations

Branches:
Dungeon (8/15)             Temple (0/1) D:7           Sewer (visited)
Ossuary (visited)
   Lair: D:8-11

Altars:
Ashenzari
Fedhas
Kikubaaqudgha
Nemelex Xobeh
Vehumet
Wu Jian
Yredelemnul


Innate Abilities, Weirdness & Mutations

You have a pair of horns on your head.
You reflexively headbutt those who attack you in melee.


Message History

No target in view!
Things that are here:
a +0 shortbow; 20 arrows A white ugly thing comes into view.
Found a scroll of vulnerability.
You throw a stone.
The stone closely misses the white ugly thing.
You throw a stone. The stone hits the white ugly thing.
The white ugly thing is lightly wounded.
You barely miss the white ugly thing.
The white ugly thing is lightly wounded.
The white ugly thing pecks you. The white ugly thing freezes you!!
You feel a terrible chill!
You slash the white ugly thing! You burn the white ugly thing.
The white ugly thing is lightly wounded.
The white ugly thing pecks you but does no damage.
You hit the white ugly thing. You burn the white ugly thing.
The white ugly thing is moderately wounded.
The white ugly thing pecks you but does no damage.
You slash the white ugly thing! You burn the white ugly thing.
You punch the white ugly thing.
The white ugly thing is heavily wounded.
The white ugly thing barely misses you. You furiously retaliate!
You headbutt the white ugly thing!
You completely miss the white ugly thing.
The white ugly thing is severely wounded.
The white ugly thing barely misses you. You furiously retaliate!
You headbutt the white ugly thing! You closely miss the white ugly thing.
The white ugly thing is almost dead.
The white ugly thing pecks you! The white ugly thing freezes you!!!
You feel a terrible chill!
* * * LOW HITPOINT WARNING * * *
A red film seems to cover your vision as you go berserk!
You feel yourself moving faster!
You feel mighty! Trog will no longer gift you weapons.
The white ugly thing pecks you!
* * * LOW HITPOINT WARNING * * *
The white ugly thing freezes you!!
You feel a terrible chill!
You die...

......? .......
......u.## .........###
..(.....#. ..
#########....... ....
#.......#.....(#####....
#.......#......u@...#
#.......#...........#
#.......#...........#
#.......#...........#
#####...#...).......#
##...##)####.....#
#..........#.....#
#..........#.....#
#..........#.....#


You could see a white ugly thing.

Vanquished Creatures
  A deep elf pyromancer (D:8)
  Maggie (D:6)
  3 yaks (D:8)
  2 steam dragons (D:8)
  A water moccasin (D:6)
  An orc warrior (D:6)
  2 ice beasts
  3 black bears
  A necrophage (D:6)
  4 ogres
  A centaur (D:8)
  4 kobold brigands (Sewer)
  6 elf zombies (Ossuary)
  5 bullfrogs
  3 scorpions
  9 killer bees
  A water moccasin skeleton (D:4)
  5 wights (D:7)
  5 centaur zombies
  3 hounds
  A bullfrog zombie (D:5)
  2 human zombies (Ossuary)
  2 centaur skeletons
  A gnoll shaman (D:6)
  3 jellies
  An orc priest (D:5)
  4 iguanas
  4 orc wizards
  A scorpion zombie (D:5)
  A killer bee zombie (D:7)
  A hound zombie (D:5)
  3 mummies (Ossuary)
  2 howler monkey zombies
  9 gnolls
  19 adders
  3 river rats
  3 white imps
  2 worms
  A dart slug (D:2)
  20 orcs
  18 ball pythons
  2 bats
  13 endoplasms
  6 giant cockroaches
  6 goblins
  11 hobgoblins
  5 jackals
  5 quokkas
  10 frilled lizards
  10 kobolds
  11 rats
241 creatures vanquished.

Vanquished Creatures (collateral kills)
  Grinder (D:6)
  A scorpion (D:6)
  2 gnolls (D:6)
4 creatures vanquished.

Vanquished Creatures (others)
  24 plants
24 creatures vanquished.

Grand Total: 269 creatures vanquished

Notes
Turn   | Place    | Note
-------+----------+-------------------------------------------
     0 | D:1      | LustLizard the Minotaur Berserker began the quest for the
                  | Orb.
     0 | D:1      | Reached XP level 1. HP: 19/19 MP: 0/0
     1 | D:1      | Found a runed translucent door.
   190 | D:1      | Reached XP level 2. HP: 20/27 MP: 1/1
   279 | D:1      | Found a faded altar of an unknown god.
   288 | D:1      | Reached skill level 1 in Throwing
   292 | D:1      | Reached skill level 4 in Axes
   934 | D:1      | Reached ** piety under Trog
   940 | D:1      | Reached XP level 3. HP: 6/33 MP: 2/2
  1510 | D:2      | Reached XP level 4. HP: 25/40 MP: 3/3
  1970 | D:2      | Reached skill level 5 in Axes
  2115 | D:2      | Reached XP level 5. HP: 47/47 MP: 4/4
  2388 | D:3      | Reached *** piety under Trog
  2611 | D:3      | Found a glowing drain.
  2620 | Sewer    | Entered a sewer
  2633 | Sewer    | Reached XP level 6. HP: 50/53 MP: 5/5
  2756 | Sewer    | Reached skill level 5 in Fighting
  2756 | Sewer    | Reached skill level 6 in Axes
  3120 | Sewer    | Reached **** piety under Trog
  3543 | Sewer    | Reached XP level 7. HP: 55/61 MP: 6/6
  4678 | D:4      | Reached skill level 7 in Axes
  4699 | D:4      | Found a broken altar of Ashenzari.
  4700 | D:4      | Found a basalt altar of Yredelemnul.
  4703 | D:4      | Found a sparkling altar of Nemelex Xobeh.
  4703 | D:4      | Found a blossoming altar of Fedhas.
  4727 | D:4      | Reached skill level 5 in Throwing
  5253 | D:4      | Reached XP level 8. HP: 70/70 MP: 7/7
  5348 | D:4      | Reached skill level 8 in Axes
  5358 | D:5      | Entered Level 5 of the Dungeon
  5558 | D:5      | Found a large runed translucent door.
  5558 | D:5      | Found a large runed translucent door.
  5618 | D:5      | Found a sand-covered staircase.
  5623 | Ossuary  | Entered an ossuary
  5806 | Ossuary  | Reached skill level 9 in Axes
  6164 | D:5      | Reached XP level 9. HP: 68/79 MP: 8/8
  6551 | D:5      | Reached skill level 10 in Axes
  6653 | D:5      | Found a radiant altar of Vehumet.
  6809 | D:5      | Found an ornate altar of the Wu Jian Council.
  6816 | D:5      | Found an ancient bone altar of Kikubaaqudgha.
  6929 | D:6      | Reached ***** piety under Trog
  6941 | D:6      | Noticed Grinder
  6945 | D:6      | Killed Grinder
  7403 | D:6      | Noticed Maggie
  7404 | D:6      | Reached skill level 11 in Axes
  7524 | D:6      | Killed Maggie
  7691 | D:6      | Identified the +10 war axe "Xenunlecs" {drain, rElec Str-5
                  | Stlth+}
  7799 | D:7      | Reached XP level 10. HP: 84/90 MP: 9/9
  8871 | D:7      | Found a staircase to the Ecumenical Temple.
  9077 | D:8      | Noticed a deep elf pyromancer
  9103 | D:8      | Killed a deep elf pyromancer
  9345 | D:8      | Reached skill level 12 in Axes
  9578 | D:8      | Reached skill level 5 in Armour
  9743 | D:8      | Identified the +9 long sword of Evolution {vorpal, Contam
                  | Will+ MP+9 Dex+10}
  9808 | D:8      | Noticed a white ugly thing
  9821 | D:8      | Mangled by a white ugly thing

Illustrated notes

Levels and vault maps discovered:
D:1:      dpeg_arrival_caged_fury, layout_loops_ring, basic_ecumenical_altar
D:2:      layout_rooms, serial_bayou_ford_a, minmay_snake_closets
D:3:      layout_basic, portal_sewer_entry_b, st_stairs_13, minmay_checkerbox
D:4:      kb_forest_paths, layout_loops_ring,
          chequers_temple_overflow_statue_of_worship
D:5:      layout_basic, mainiacjoe_overflow_alcove_1, jmf_multi_god_temple2,
          nicolae_ossuary_entry_plus, chequers_serial_rivers_small_3
D:6:      layout_rooms, minmay_fountain_box, uniq_maggie, uniq_grinder
D:7:      layout_basic, minmay_temple_entry_overgrown
D:8:      layout_gridville, hangedman_decor_clover_reticule, grunt_ministairs_3,
          minmay_diced_spiral

Skill      XL: |  1  2  3  4  5  6  7  8  9 10 |
---------------+-------------------------------+-----
Throwing       | 1 2 3 4 5 7 9 |  9.8
Axes           | 4 5 6 7 9 11 12 | 12.3
Fighting       | 4 5 6 7 8 9 |  9.1
Armour         | 5 |  5.2
Dodging        | |  2.1

Action                   |  1- 3 |  4- 6 |  7- 9 | 10-12 || total
-------------------------+-------+-------+-------+-------++-------
Melee: Hand axe          |    83 |    71 |       |       ||   154
       Headbutt          |    11 |    16 |    66 |     9 ||   102
       Punch             |     1 |       |     5 |     3 ||     9
       Spear             |       |    91 |   370 |       ||   461
       Broad axe         |       |       |    17 |    83 ||   100
Throw: Stone             |     3 |    28 |    68 |    30 ||   129
       Dart              |       |       |     8 |     1 ||     9
Invok: Berserk           |     1 |       |     1 |     3 ||     5
       Trog's Hand       |       |       |     1 |       ||     1
       Brothers in Arms  |       |       |     1 |       ||     1
  Use: Potion            |       |     1 |     1 |     1 ||     3
       Scroll            |       |       |     8 |     3 ||    11
 Stab: Sleeping          |     1 |       |       |       ||     1
Armor: Animal skin       |     9 |       |       |       ||     9
       Ring mail         |     7 |    50 |     2 |       ||    59
       Scale mail        |       |       |   119 |    50 ||   169
Dodge: Dodged            |    37 |    75 |   100 |    63 ||   275
